General information
- name: BNet
- type: Ladder team game (AT/RT)
- host: Battle.net
- saver: BRUCEWILLISUSA
map: MarketSquare
- players: 8
- length: 32:58
- speed: Fast
- version: 1.24 W3XP
- replay type: Public
» download(233 KB)
Players
team 1 (winner)
p3rUvIaNSoLdI3r (
teal | 38 APM | 1256 actions | 32:57)
7 Mountain King
3 Storm Bolt
3 Bash
1 Avatar
5 Paladin
2 Holy Light
3 Devotion Aura
» actions
| Basic commands | 3 | |
| Build / train | 86 | |
| Enter build submenu | 28 | |
| Enter hero's abilities submenu | 12 | |
| Give item / drop item | 3 | |
| Remove unit from queue | 1 | |
| Right click | 559 | |
| Select / deselect | 486 | |
| Use ability | 78 | |
1256 total
» units
| Peasant | 15 | |
| Footman | 7 | |
| Knight | 13 | |
| Priest | 4 | |
| Spell Breaker | 4 | |
43 total
» upgrades
| Defend | 1 | |
| Lumber Harvesting | 2 | |
| Swords | 3 | |
| Animal War Training | 1 | |
| Priest Training | 2 | |
| Plating | 3 | |
| Masonry | 2 | |
14 total
» buildings
| Farm | 13 | |
| Altar of Kings | 1 | |
| Barracks | 2 | |
| Scout Tower | 4 | |
| Arcane Tower | 1 | |
| Keep | 1 | |
| Lumber Mill | 1 | |
| Guard Tower | 3 | |
| Castle | 1 | |
| Blacksmith | 1 | |
| Arcane Sanctum | 1 | |
| Arcane Vault | 1 | |
| Town Hall | 2 | |
32 total
» build order
00:58 Farm
01:05 Altar of Kings
01:13 Farm
01:22 Barracks
01:48 Scout Tower
02:04 Farm
02:18 Arcane Tower
02:23 Farm
03:02 Keep
03:45 Lumber Mill
04:22 Scout Tower
04:57 Guard Tower
05:33 Castle
06:09 Farm
06:15 Scout Tower
06:54 Guard Tower
06:56 Farm
06:59 Farm
07:47 Barracks
07:50 Scout Tower
08:05 Blacksmith
08:23 Guard Tower
08:33 Arcane Sanctum
09:02 Farm
09:58 Arcane Vault
10:01 Farm
12:03 Farm
14:00 Town Hall
18:19 Farm
19:37 Farm
20:21 Farm
31:33 Town Hall
» items
| Scroll of Town Portal | 3 | |
| Circlet of Nobility | 1 | |
| Scroll of Protection | 1 | |
| Orb of Lightning | 1 | |
| Orb of Fire | 1 | |
| Dust of Appearance | 1 | |
8 total

»
BRUCEWILLISUSA (
blue | 68 APM | 2259 actions | 32:58)
9 Archmage
3 Blizzard
3 Brilliance Aura
1 Mass Teleport
2 Summon Water Elemental
1 Far Seer
1 Chain Lighting
» actions
| Assign group hotkey | 83 | |
| Basic commands | 78 | |
| Build / train | 84 | |
| ESC pressed | 6 | |
| Enter build submenu | 32 | |
| Enter hero's abilities submenu | 10 | |
| Give item / drop item | 1 | |
| Right click | 797 | |
| Select / deselect | 237 | |
| Select group hotkey | 717 | |
| Use ability | 214 | |
2259 total
» units
| Peasant | 21 | |
| Gryphon Rider | 4 | |
| Dragonhawk Rider | 14 | |
| Mortar Team | 3 | |
42 total
» upgrades
| Masonry | 2 | |
| Storm Hammers | 1 | |
| Cloud | 1 | |
| Armor | 2 | |
| Swords | 2 | |
| Fragmentation Shards | 1 | |
| Gunpowder | 1 | |
10 total
» buildings
| Altar of Kings | 1 | |
| Farm | 12 | |
| Scout Tower | 7 | |
| Lumber Mill | 1 | |
| Arcane Tower | 1 | |
| Guard Tower | 5 | |
| Arcane Vault | 1 | |
| Keep | 1 | |
| Castle | 3 | |
| Gryphon Aviary | 3 | |
| Blacksmith | 1 | |
| Workshop | 3 | |
| Town Hall | 2 | |
41 total
» build order
00:06 Altar of Kings
00:34 Farm
00:44 Scout Tower
00:48 Farm
01:21 Lumber Mill
01:56 Scout Tower
02:38 Arcane Tower
02:39 Guard Tower
03:14 Scout Tower
03:14 Scout Tower
03:15 Scout Tower
03:44 Scout Tower
03:45 Scout Tower
03:46 Guard Tower
03:48 Arcane Vault
03:49 Guard Tower
04:22 Guard Tower
04:54 Keep
04:55 Guard Tower
07:15 Castle
07:15 Castle
07:15 Castle
07:17 Gryphon Aviary
07:20 Gryphon Aviary
07:22 Gryphon Aviary
07:26 Farm
07:26 Farm
07:27 Farm
07:30 Farm
07:31 Farm
08:52 Blacksmith
15:46 Workshop
15:46 Workshop
15:48 Workshop
15:51 Farm
15:51 Farm
15:52 Farm
15:52 Farm
15:52 Farm
20:19 Town Hall
22:48 Town Hall
» items
| Boots of Speed | 1 | |
| Staff of Teleportation | 1 | |
| Scroll of Town Portal | 2 | |
| Healing Salve | 1 | |
| Lesser Clarity Potion | 1 | |
| Potion of Healing | 1 | |
| Scroll of Regeneration | 1 | |
| Scroll of Speed | 1 | |
| Dust of Appearance | 1 | |
10 total

»
dfence (
purple | 36 APM | 1194 actions | 32:57)
3 Blademaster
1 Wind Walk
2 Critical Strike
4 Far Seer
2 Feral Spirit
2 Chain Lighting
» actions
| Basic commands | 5 | |
| Build / train | 50 | |
| Enter build submenu | 22 | |
| Enter hero's abilities submenu | 8 | |
| Remove unit from queue | 4 | |
| Right click | 542 | |
| Select / deselect | 420 | |
| Use ability | 143 | |
1194 total
» units
| Peon | 8 | |
| Troll Batrider | 6 | |
| Wind Rider | 3 | |
| Raider | 12 | |
29 total
» upgrades
| Melee Weapons | 2 | |
| Ensnare | 1 | |
| Armor | 1 | |
4 total
» buildings
| Stronghold | 1 | |
| Altar of Storms | 2 | |
| Orc Burrow | 8 | |
| War Mill | 1 | |
| Voodoo Lounge | 1 | |
| Beastiary | 2 | |
| Watch Tower | 2 | |
17 total
» build order
01:19 Stronghold
01:24 Altar of Storms
01:30 Orc Burrow
02:16 War Mill
02:22 Orc Burrow
02:33 Orc Burrow
02:50 Voodoo Lounge
05:15 Beastiary
05:35 Beastiary
05:53 Orc Burrow
06:19 Watch Tower
06:40 Orc Burrow
08:22 Orc Burrow
12:35 Watch Tower
15:32 Orc Burrow
16:07 Orc Burrow
18:17 Altar of Storms
» items
| Healing Salve | 1 | |
| Potion of Healing | 1 | |
2 total

»
MrStoneking (
yellow | 27 APM | 883 actions | 32:57)
8 Blademaster
3 Wind Walk
3 Critical Strike
1 Bladestorm
1 Mirror Image
» actions
| Build / train | 81 | |
| Enter build submenu | 33 | |
| Enter hero's abilities submenu | 8 | |
| Right click | 313 | |
| Select / deselect | 375 | |
| Use ability | 73 | |
883 total
» units
| Peon | 20 | |
| Grunt | 9 | |
| Shaman | 10 | |
| Tauren | 16 | |
55 total
» upgrades
| Armor | 3 | |
| Melee Weapons | 3 | |
| Shaman Training | 2 | |
| Pulverize | 1 | |
| Spiked Barricades | 2 | |
11 total
» buildings
| Orc Burrow | 9 | |
| Altar of Storms | 1 | |
| Barracks | 1 | |
| War Mill | 1 | |
| Stronghold | 2 | |
| Watch Tower | 15 | |
| Spirit Lodge | 2 | |
| Fortress | 2 | |
| Voodoo Lounge | 1 | |
| Tauren Totem | 2 | |
| Great Hall | 1 | |
37 total
» build order
00:07 Orc Burrow
00:10 Altar of Storms
00:14 Barracks
01:41 War Mill
02:33 Orc Burrow
03:43 Orc Burrow
04:04 Stronghold
04:44 Watch Tower
05:19 Orc Burrow
05:23 Watch Tower
06:30 Orc Burrow
06:34 Orc Burrow
06:39 Spirit Lodge
07:20 Spirit Lodge
08:38 Fortress
09:26 Voodoo Lounge
11:05 Tauren Totem
11:11 Tauren Totem
11:38 Orc Burrow
11:41 Orc Burrow
12:34 Great Hall
15:21 Orc Burrow
18:43 Watch Tower
20:05 Watch Tower
21:14 Watch Tower
21:39 Watch Tower
21:42 Watch Tower
21:46 Watch Tower
21:48 Watch Tower
21:51 Watch Tower
21:53 Watch Tower
21:58 Watch Tower
22:00 Watch Tower
22:02 Watch Tower
22:05 Stronghold
22:51 Watch Tower
28:54 Fortress
» items
| Healing Salve | 1 | |
| Scroll of Town Portal | 1 | |
2 total
team 2 (loser)
Whydoyousuck (
green | 51 APM | 1422 actions | 28:03)
4 Mountain King
2 Storm Bolt
2 Thunder Clap
» actions
| Assign group hotkey | 17 | |
| Build / train | 57 | |
| Enter build submenu | 26 | |
| Enter hero's abilities submenu | 4 | |
| Remove unit from queue | 3 | |
| Right click | 372 | |
| Select / deselect | 454 | |
| Select group hotkey | 441 | |
| Use ability | 48 | |
1422 total
» units
| Peasant | 10 | |
| Footman | 4 | |
| Rifleman | 2 | |
| Gryphon Rider | 11 | |
| Siege Engine | 10 | |
37 total
» upgrades
| Barrage | 1 | |
| Storm Hammers | 1 | |
| Gunpowder | 1 | |
3 total
» buildings
| Altar of Kings | 1 | |
| Farm | 12 | |
| Barracks | 1 | |
| Lumber Mill | 1 | |
| Keep | 1 | |
| Blacksmith | 1 | |
| Scout Tower | 3 | |
| Arcane Tower | 1 | |
| Guard Tower | 2 | |
| Castle | 1 | |
| Gryphon Aviary | 2 | |
| Workshop | 1 | |
| Town Hall | 1 | |
| Arcane Vault | 1 | |
29 total
» build order
00:22 Altar of Kings
00:38 Farm
00:52 Barracks
01:14 Farm
01:52 Farm
01:58 Lumber Mill
02:50 Farm
02:55 Keep
03:12 Blacksmith
03:36 Farm
03:43 Scout Tower
04:15 Scout Tower
04:16 Arcane Tower
04:21 Farm
05:04 Farm
05:14 Scout Tower
05:16 Guard Tower
05:18 Castle
05:49 Farm
05:51 Guard Tower
06:18 Gryphon Aviary
06:55 Gryphon Aviary
07:13 Farm
07:59 Farm
08:47 Workshop
09:47 Farm
24:01 Farm
24:29 Town Hall
26:05 Arcane Vault
» items
| Scroll of Regeneration | 1 | |
| Lesser Clarity Potion | 2 | |
| Scroll of Town Portal | 1 | |
4 total

»
LONGFAUCET (
red | 21 APM | 578 actions | 27:35)
4 Paladin
1 Divine Shield
2 Devotion Aura
1 Holy Light
2 Mountain King
1 Storm Bolt
1 Bash
» actions
| Build / train | 71 | |
| Enter build submenu | 20 | |
| Enter hero's abilities submenu | 6 | |
| Remove unit from queue | 3 | |
| Right click | 240 | |
| Select / deselect | 199 | |
| Use ability | 39 | |
578 total
» units
» upgrades
| Defend | 1 | |
| Lumber Harvesting | 2 | |
| Priest Training | 1 | |
4 total
» buildings
| Altar of Kings | 1 | |
| Farm | 7 | |
| Barracks | 1 | |
| Scout Tower | 6 | |
| Arcane Tower | 3 | |
| Lumber Mill | 1 | |
| Keep | 1 | |
| Guard Tower | 2 | |
| Castle | 1 | |
| Town Hall | 2 | |
| Arcane Sanctum | 1 | |
| Gryphon Aviary | 1 | |
27 total
» build order
00:24 Altar of Kings
01:07 Farm
01:17 Barracks
01:47 Farm
01:52 Farm
03:25 Farm
04:03 Farm
05:22 Scout Tower
05:45 Scout Tower
05:55 Arcane Tower
06:01 Lumber Mill
06:24 Arcane Tower
06:56 Scout Tower
08:50 Keep
09:16 Farm
10:14 Scout Tower
10:17 Guard Tower
10:22 Farm
10:52 Guard Tower
10:57 Scout Tower
11:54 Scout Tower
12:20 Castle
12:49 Arcane Tower
15:23 Town Hall
17:12 Arcane Sanctum
18:39 Gryphon Aviary
22:04 Town Hall
ginnorviggor (
orange | 97 APM | 2609 actions | 26:52)
4 Blood Mage
2 Flame Strike
2 Siphon Mana
2 Paladin
1 Holy Light
1 Divine Shield
» actions
| Assign group hotkey | 27 | |
| Basic commands | 45 | |
| Build / train | 61 | |
| Enter build submenu | 30 | |
| Enter hero's abilities submenu | 6 | |
| Give item / drop item | 2 | |
| Remove unit from queue | 6 | |
| Right click | 1107 | |
| Select / deselect | 330 | |
| Select group hotkey | 903 | |
| Use ability | 92 | |
2609 total
» units
| Peasant | 12 | |
| Footman | 11 | |
| Siege Engine | 3 | |
| Knight | 6 | |
32 total
» upgrades
| Defend | 1 | |
| Lumber Harvesting | 1 | |
| Plating | 3 | |
| Barrage | 1 | |
| Animal War Training | 1 | |
| Swords | 1 | |
8 total
» buildings
| Barracks | 2 | |
| Farm | 15 | |
| Altar of Kings | 1 | |
| Scout Tower | 2 | |
| Arcane Vault | 1 | |
| Arcane Tower | 2 | |
| Keep | 1 | |
| Lumber Mill | 1 | |
| Gryphon Aviary | 2 | |
| Blacksmith | 1 | |
| Castle | 1 | |
| Workshop | 3 | |
32 total
» build order
00:29 Barracks
00:31 Farm
00:55 Barracks
01:07 Farm
01:33 Altar of Kings
01:50 Farm
02:30 Farm
03:28 Farm
04:05 Farm
04:08 Scout Tower
05:05 Arcane Vault
05:45 Arcane Tower
06:46 Scout Tower
07:26 Keep
07:29 Arcane Tower
08:33 Keep
09:29 Lumber Mill
09:32 Farm
09:34 Farm
09:34 Farm
11:02 Gryphon Aviary
11:04 Gryphon Aviary
11:44 Blacksmith
11:48 Castle
12:36 Workshop
12:40 Workshop
12:56 Workshop
13:30 Farm
13:31 Farm
13:32 Farm
15:24 Farm
15:52 Farm
15:53 Farm
» items
| Scroll of Regeneration | 2 | |
| Lesser Clarity Potion | 1 | |
| Scroll of Town Portal | 2 | |
| Potion of Healing | 1 | |
6 total
IlIllllIIIIllll (
pink | 125 APM | 4134 actions | 32:57)
5 Archmage
2 Blizzard
2 Brilliance Aura
1 Summon Water Elemental
5 Paladin
3 Holy Light
1 Divine Shield
1 Devotion Aura
» actions
| Assign group hotkey | 26 | |
| Basic commands | 20 | |
| Build / train | 93 | |
| ESC pressed | 4 | |
| Enter build submenu | 27 | |
| Enter hero's abilities submenu | 11 | |
| Give item / drop item | 2 | |
| Right click | 1703 | |
| Select / deselect | 324 | |
| Select group hotkey | 1677 | |
| Use ability | 247 | |
4134 total
» units
| Peasant | 12 | |
| Footman | 9 | |
| Dragonhawk Rider | 11 | |
| Gryphon Rider | 2 | |
34 total
» upgrades
| Defend | 1 | |
| Lumber Harvesting | 1 | |
| Armor | 3 | |
| Cloud | 1 | |
| Storm Hammers | 1 | |
| Animal War Training | 1 | |
| Swords | 2 | |
10 total
» buildings
| Altar of Kings | 1 | |
| Barracks | 1 | |
| Farm | 13 | |
| Scout Tower | 4 | |
| Arcane Tower | 1 | |
| Keep | 1 | |
| Arcane Vault | 1 | |
| Lumber Mill | 1 | |
| Castle | 2 | |
| Gryphon Aviary | 3 | |
| Blacksmith | 1 | |
| Guard Tower | 3 | |
32 total
» build order
00:05 Altar of Kings
00:07 Barracks
00:19 Farm
00:55 Farm
01:35 Scout Tower
01:48 Farm
02:21 Arcane Tower
04:05 Keep
04:13 Arcane Vault
05:23 Farm
06:03 Lumber Mill
06:42 Castle
06:42 Castle
07:11 Gryphon Aviary
07:34 Gryphon Aviary
07:40 Gryphon Aviary
08:20 Blacksmith
08:57 Farm
08:58 Farm
09:33 Scout Tower
09:34 Scout Tower
10:06 Guard Tower
10:07 Guard Tower
10:39 Farm
12:12 Farm
12:51 Farm
14:13 Farm
14:30 Scout Tower
15:00 Guard Tower
18:06 Farm
19:03 Farm
21:55 Farm
» items
| Scroll of Regeneration | 7 | |
| Scroll of Town Portal | 8 | |
| Potion of Lesser Invulnerability | 2 | |
| Boots of Speed | 1 | |
| Potion of Invisibility | 1 | |
19 total
Chat log
(00:08 / All) Whydoyousuck: nice blue
(00:15 / All) IlIllllIIIIllll: tell me where blue is
(00:15 / All) p3rUvIaNSoLdI3r: pink is a backstabber!
(00:25 / All) BRUCEWILLISUSA: pink has 2 ak 47s
(00:26 / All) IlIllllIIIIllll: ill be playing this game for blue
(00:28 / All) BRUCEWILLISUSA: he showed me on youtube
(00:40 / All) IlIllllIIIIllll: 4 actually
(00:42 / All) p3rUvIaNSoLdI3r: same i saw!
(00:55 / All) BRUCEWILLISUSA: he also has 12000 cash
(00:57 / All) BRUCEWILLISUSA: he showed that too
(01:07 / All) BRUCEWILLISUSA: if u r ever going to form a gang
(01:07 / All) IlIllllIIIIllll: much more in the bank
(01:10 / All) BRUCEWILLISUSA: try and recruit him
(01:23 / All) IlIllllIIIIllll: im legal loser
(01:32 / All) BRUCEWILLISUSA: if you are ever going to form a militia
(01:34 / All) BRUCEWILLISUSA: try and recruit him
(01:39 / All) p3rUvIaNSoLdI3r: omg pink is an illegal immigrant!
(01:44 / All) IlIllllIIIIllll: CRYMORECRYMORECRYMORECRYMORECRYMORE
(01:47 / All) BRUCEWILLISUSA: lol
(02:11 / All) IlIllllIIIIllll: bell u ass
(02:48 / Allies) p3rUvIaNSoLdI3r: that was great blue
(02:51 / Allies) BRUCEWILLISUSA: wow
(02:52 / Allies) p3rUvIaNSoLdI3r: u rule!!
(02:58 / All) BRUCEWILLISUSA: lol
(03:00 / Allies) dfence: help
(03:06 / Allies) BRUCEWILLISUSA: you are a f ucking turd
(03:07 / Allies) BRUCEWILLISUSA: go kill yourself
(03:17 / Allies) BRUCEWILLISUSA: techign on the end with no defense
(03:18 / Allies) BRUCEWILLISUSA: jesus
(03:19 / All) ginnorviggor: same tac i used game before;)
(03:20 / Allies) BRUCEWILLISUSA: DURRRRR
(03:22 / All) Whydoyousuck: blue your account name is cool, but your far from
(04:26 / Allies) MrStoneking: holy shit blue lik
(04:28 / Allies) MrStoneking: lol*
(04:44 / Allies) p3rUvIaNSoLdI3r: comin blue!!!
(04:46 / Allies) p3rUvIaNSoLdI3r: no!!!!
(07:55 / Allies) BRUCEWILLISUSA: U R GONNA GET ROLLED
(07:57 / Allies) p3rUvIaNSoLdI3r: goin knights since blue is goin gryphs
(07:57 / Allies) BRUCEWILLISUSA: STILL NO DDEFENSE?
(08:00 / Allies) BRUCEWILLISUSA: ENJOY THE ETASTE OF ENEMY CUM
(08:08 / Allies) dfence: they attackin mee
(08:09 / Allies) dfence: help
(08:11 / Allies) BRUCEWILLISUSA: NJAH
(08:18 / Allies) BRUCEWILLISUSA: NO TOWER = NO HEL[
(08:50 / Allies) p3rUvIaNSoLdI3r: wow purp
(08:52 / Allies) p3rUvIaNSoLdI3r: ur super noob
(09:11 / All) BRUCEWILLISUSA: WOW
(09:56 / Allies) BRUCEWILLISUSA: HES THE WORST
(11:17 / Allies) dfence: nb
(11:18 / Allies) dfence: b
(11:46 / All) LONGFAUCET: FUCKIN GHELP
(12:58 / Allies) BRUCEWILLISUSA: Ill take him if he drops
(13:38 / All) BRUCEWILLISUSA: why me
(13:39 / All) Whydoyousuck: your SO annoying
(13:45 / All) Whydoyousuck: drop him
(13:46 / All) p3rUvIaNSoLdI3r: u suck green don't b jealous
(13:58 / All) Whydoyousuck: yeah
(13:59 / All) Whydoyousuck: big time
(15:03 / Allies) MrStoneking: sesh blue your amazing
(15:14 / Allies) dfence: yea
(15:38 / All) BRUCEWILLISUSA: long faucet u having fun this game?
(16:58 / All) LONGFAUCET: nah im just not really payinga ttention
(17:53 / Allies) BRUCEWILLISUSA: finish him off
(18:00 / Allies) BRUCEWILLISUSA: heal mid first
(18:47 / Allies) dfence: yellow give blue some gold
(19:01 / Allies) BRUCEWILLISUSA: come all
(19:02 / Allies) BRUCEWILLISUSA: need all
(19:21 / Allies) BRUCEWILLISUSA: stay togehter
(19:40 / Allies) BRUCEWILLISUSA: next
(19:42 / Allies) BRUCEWILLISUSA: this one is deone
(19:43 / Allies) BRUCEWILLISUSA: go next
(19:47 / Allies) BRUCEWILLISUSA: ignor ehim
(19:50 / Allies) BRUCEWILLISUSA: he cant kill shit very fast
(19:51 / Allies) BRUCEWILLISUSA: with that
(21:37 / Allies) BRUCEWILLISUSA: tower up
(21:39 / Allies) BRUCEWILLISUSA: spenmd all gold
(22:04 / Allies) BRUCEWILLISUSA: all have tp?
(22:10 / Allies) p3rUvIaNSoLdI3r: no
(22:11 / Allies) MrStoneking: no
(22:15 / Allies) BRUCEWILLISUSA: get new tp
(22:15 / Allies) BRUCEWILLISUSA: fast
(22:16 / Allies) BRUCEWILLISUSA: and then we save
(22:41 / Allies) BRUCEWILLISUSA: tp all
(22:43 / Allies) BRUCEWILLISUSA: so we can be togheter
(23:02 / All) BRUCEWILLISUSA: bnoiob
(23:03 / All) BRUCEWILLISUSA: just leave
(23:08 / Allies) BRUCEWILLISUSA: gogogo
(23:41 / Allies) BRUCEWILLISUSA: dude
(23:44 / Allies) BRUCEWILLISUSA: u ever hear of ensnare?
(23:48 / Allies) BRUCEWILLISUSA: its the main reason ppl make raiders...
(23:57 / Allies) MrStoneking: wood
(23:58 / Allies) MrStoneking: please
(24:08 / Allies) MrStoneking: thanks
(24:19 / Allies) BRUCEWILLISUSA: ensnare
(24:22 / Allies) BRUCEWILLISUSA: with raider
(24:26 / Allies) p3rUvIaNSoLdI3r: lets win this already
(25:21 / All) BRUCEWILLISUSA: nooooob
(25:30 / All) IlIllllIIIIllll: 1V1 LIKE LAST TIME?
(25:33 / All) BRUCEWILLISUSA: i owned u
(25:34 / All) BRUCEWILLISUSA: ropfl
(25:35 / All) IlIllllIIIIllll: WHERE U LOST SO BAD?
(25:38 / All) IlIllllIIIIllll: I HAVE REPLAY
(25:40 / All) BRUCEWILLISUSA: replay is still up
(25:42 / All) BRUCEWILLISUSA: 1.22 or soemthing
(25:53 / All) IlIllllIIIIllll: HAHA U KNOW ITS TRUE
(25:59 / All) IlIllllIIIIllll: REPALY AGAIN?
(26:02 / All) BRUCEWILLISUSA: http://highper.ch to watch barcode getting owned
(26:11 / All) BRUCEWILLISUSA: ( must look tbhrough the old ones)
(26:15 / All) IlIllllIIIIllll: SHIT THAT'S U?
(26:20 / All) IlIllllIIIIllll: HAHA NEW CRAIGSLIST TIME
(26:22 / All) IlIllllIIIIllll: U GOT IT
(26:51 / All) IlIllllIIIIllll: U GONNA SELL LOTS OF STUFF FOR CHRISTMAS NOW
(26:52 / All) IlIllllIIIIllll: HAHA
(26:58 / All) BRUCEWILLISUSA: huh?
(27:03 / All) IlIllllIIIIllll: U KNOW
(27:15 / All) BRUCEWILLISUSA: come fight me in my dojo
(27:16 / All) BRUCEWILLISUSA: coward
(27:22 / All) Whydoyousuck: so how bout that map HAX?
(27:39 / All) IlIllllIIIIllll: WHAT U GONNA SELL ON CRAIGLSIST?
(27:42 / All) Whydoyousuck: nice
(27:46 / All) Whydoyousuck: pinks killing red.
(27:52 / All) Whydoyousuck: how did we ever lose?
(27:54 / All) IlIllllIIIIllll: HOW ABOUT SOME CHEAP LAPTOPS
(28:11 / All) BRUCEWILLISUSA: i dont even understand whty youre getting at
(28:17 / All) IlIllllIIIIllll: U WILL
(28:18 / All) BRUCEWILLISUSA: yorue going to place ads on craigslist
(28:19 / All) IlIllllIIIIllll: HAHA
(28:19 / All) BRUCEWILLISUSA: with the email
(28:21 / All) BRUCEWILLISUSA: highper.ch
(28:22 / All) BRUCEWILLISUSA: ?
(28:23 / All) BRUCEWILLISUSA: rofl
(28:27 / All) IlIllllIIIIllll: NO
(28:31 / All) IlIllllIIIIllll: IDIOT
(28:47 / All) BRUCEWILLISUSA: highper.ch isnt an email
(28:49 / All) BRUCEWILLISUSA: and it isnt mine
(28:55 / All) IlIllllIIIIllll: I KNOW
(29:12 / All) BRUCEWILLISUSA: come to cleveland and fight me in my dojo
(29:26 / All) IlIllllIIIIllll: WEVE BEEN THROUGH THAT NIGGER
(29:32 / All) IlIllllIIIIllll: FUNNY HOW U REMEMBER
(29:58 / Allies) BRUCEWILLISUSA: check there
(30:00 / Allies) BRUCEWILLISUSA: ;)
(30:49 / Allies) BRUCEWILLISUSA: come ensnare
(30:53 / Allies) BRUCEWILLISUSA: lets get his heros
(30:56 / All) IlIllllIIIIllll: CRYMORECRYMORECRYMORECRYMORECRYMORE
(30:56 / Allies) BRUCEWILLISUSA: ebfore we get his last buidling
(31:00 / Allies) BRUCEWILLISUSA: it wil lpiss him off
(31:13 / All) BRUCEWILLISUSA: am i back on the firend list
(31:15 / All) BRUCEWILLISUSA: after this game/
(31:18 / All) IlIllllIIIIllll: YEA
(31:22 / All) BRUCEWILLISUSA: lol
(31:35 / All) IlIllllIIIIllll: MAN UP AND 1V1 THEN
(31:41 / All) IlIllllIIIIllll: OH WAIT YOURE A PUSSY
(31:43 / All) MrStoneking: can i watch?
(31:44 / All) BRUCEWILLISUSA: i owned you last game
(31:47 / All) BRUCEWILLISUSA: im gonna go read that chat log
(31:48 / All) BRUCEWILLISUSA: After this tho
(31:57 / All) IlIllllIIIIllll: AWW LIE TIME?
(32:07 / Allies) BRUCEWILLISUSA: ebnsanerqea
(32:19 / Allies) BRUCEWILLISUSA: bolt
(32:20 / Allies) BRUCEWILLISUSA: ensnare
(32:53 / Allies) MrStoneking: lol
(32:54 / All) BRUCEWILLISUSA: raped
(32:56 / All) BRUCEWILLISUSA: no lube
(32:56 / All) p3rUvIaNSoLdI3r: dumbass